 Dungeon Sprint DCSS version 0.30-a0-672-gc3a7216ad8 (webtiles) character file.

Game seed: 13049040349269865450

980 rocky1 the Thaumaturge (level 8, -12/65 HPs)
             Began as a Gnoll Earth Elementalist on Jan 19, 2023.
             Was a High Priest of Sif Muna.
             Shot with a sling bullet by Joseph (22 damage)
             ... in the Dungeon (Sprint VII: "The Pits").
             The game lasted 00:04:24 (839 turns).

rocky1 the Thaumaturge (Gnoll Earth Elementalist)    Turns: 839, Time: 00:04:25

Health: -12/65     AC:  2    Str:  7    XL:     8   Next: 17%
Magic:  11/20      EV: 15    Int: 16    God:    Sif Muna [*****.]
Gold:   0          SH:  0    Dex: 14    Spells: 11/23 levels left

rFire   . . .      SeeInvis .    d - +2 long sword (flame)
rCold   . . .      Faith    .    (no shield)
rNeg    . . .      Spirit   .    a - +0 robe
rPois   .          Reflect  .    (no helmet)
rElec   .          Harm     .    (no cloak)
rCorr   .          Rampage  .    (no gloves)
Will    .....      NoTele   +    (no boots)
Stlth   ++++                     (no amulet)
HPRegen 0.30/turn                (no ring)
MPRegen 0.17/turn                (no ring)

@: no status effects
A: fangs 1, strong nose, distributed training
a: Renounce Religion, Channel Magic, Forget Spell, Divine Exegesis


You were in the Dungeon.
You worshipped Sif Muna.
Sif Muna was extremely pleased with you.
You visited 1 branch

Inventory:

Hand Weapons
 d - a +2 long sword of flaming (weapon)
Armour
 a - a +0 robe (worn)
Scrolls
 g - a scroll of blinking
 i - 5 scrolls of amnesia
 j - a scroll of summoning
Potions
 b - 5 potions of magic
 c - 2 potions of curing
 e - a potion of haste
 f - 2 potions of berserk rage
 h - 2 potions of invisibility
 k - 4 potions of heal wounds


   Skills:
 + Level 6.4 Fighting
 + Level 6.4 Short Blades
 + Level 6.4 Long Blades
 + Level 6.4 Axes
 + Level 6.4 Maces & Flails
 + Level 6.4 Polearms
 + Level 6.4 Staves
 + Level 6.4 Ranged Weapons
 + Level 6.4 Throwing
 + Level 6.4 Armour
 + Level 8.0 Dodging
 + Level 7.8 Stealth
 + Level 6.4 Shields
 + Level 6.4 Unarmed Combat
 + Level 8.2 Spellcasting
 + Level 5.3 Conjurations
 + Level 5.3 Hexes
 + Level 5.3 Summonings
 + Level 5.3 Necromancy
 + Level 5.3 Translocations
 + Level 5.8 Transmutations
 + Level 5.3 Fire Magic
 + Level 5.3 Ice Magic
 + Level 5.3 Air Magic
 + Level 7.7 Earth Magic
 + Level 5.3 Poison Magic
 + Level 7.1 Invocations
 + Level 6.4 Evocations


You had 11 spell levels left.
You knew the following spells:

 Your Spells              Type           Power      Damage    Failure   Level
a - Sandblast             Erth           62%        2d14      1%          1
b - Stone Arrow           Conj/Erth      54%        3d10      2%          3
c - Petrify               Tmut/Erth      28%        N/A       7%          4
d - Iskenderun's Mystic   Conj/Tloc      23%        2d6       12%         4

Your spell library contained the following spells:

 Spells                   Type           Power      Damage    Failure   Level
 Passwall                 Tmut/Erth      23%        N/A       1%          2
 Dazzling Flash           Conj/Hex       46%        N/A       3%          3
 Starburst                Conj/Fire      11%        6d5       88%         6


Dungeon Overview and Level Annotations

Branches:
Dungeon (1/1)

Altars:
Ashenzari
Cheibriados
Dithmenos
Elyvilon
Fedhas
Gozag
Hepliaklqana
Kikubaaqudgha
Makhleb
Nemelex Xobeh
Okawaru
Qazlal
Ru
Sif Muna
Trog
Uskayaw
Vehumet
Wu Jian
Xom
Yredelemnul
Zin
The Shining One
Jiyva
Lugonu

Annotations:
D Joseph


Innate Abilities, Weirdness & Mutations

You have very sharp teeth.
Your uncanny sense of smell can sniff out nearby items.
Your experience applies equally to all skills.


Message History

The swamp drake roars!
Aiming: Stone Arrow (dangerous; 2% risk of failure)
Press: ? - help, Q - select action, (/) - cycle Shift-Dir - straight line, f - white imp
Aim: a white imp (71% to hit)
The stone arrow hits the white imp!
You kill the white imp!
Sif Muna accepts your kill.
Joseph shoots a sling bullet.
The sling bullet barely misses you.
Aiming: Stone Arrow (dangerous; 2% risk of failure)
Press: ? - help, Q - select action, (/) - cycle Shift-Dir - straight line, f - swamp drake
Aim: a swamp drake (68% to hit)
The stone arrow hits the swamp drake!!
The swamp drake is almost dead.
The swamp drake breathes poison at you.
The noxious blast engulfs you but does no damage.
You are poisoned.
Joseph zaps a wand.
The puff of flame misses you.
Aiming: Stone Arrow (dangerous; 2% risk of failure)
Press: ? - help, Q - select action, (/) - cycle Shift-Dir - straight line, f/p - swamp drake
Aim: a swamp drake (almost dead, catching its breath, 68% to hit)
The stone arrow hits the swamp drake!
You kill the swamp drake!
Sif Muna accepts your kill.
You are engulfed in noxious fumes.
You choke on the stench!
You are confused.
You feel sick.
Joseph shoots a sling bullet.
The sling bullet hits you!! The sling bullet freezes you.
Your Dodging skill increases to level 8!
Your Invocations skill increases to level 7!
Unknown command.
Okay, then.
You bump into the metal wall.
You are engulfed in noxious fumes.
You choke on the stench!
You are more confused.
You feel sick.
Joseph shoots a sling bullet.
The sling bullet hits you!!
* * * LOW HITPOINT WARNING * * *
The sling bullet freezes you.
* * * LOW HITPOINT WARNING * * *
You feel better.
Joseph shoots a sling bullet.
The sling bullet hits you!!
You die...

#.##'#..#'###...<...#
#.#..))....##.......#
#)#..).....##.......#
#)###########.......#
#.......#..##########
#...#...#.# ###
#...#...#)# ...#∆∆∆∆
#.##.##.#)#....#∆
#...#...#@'....+∆
#...#...#(#....#∆
#.......'.# .@.#∆
########### ###


You could see Joseph.

Vanquished Creatures
  A cyclops (D)
  A fire bat (D)
  A swamp drake (D)
  A floating eye (D)
  A necrophage (D)
  A scorpion (D)
  An iron imp (D)
  2 orc priests (D)
  2 orc wizards (D)
  A mummy (D)
  2 white imps (D)
  5 orcs (D)
  An endoplasm (D)
  2 giant cockroaches (D)
  A goblin (D)
  A ball python skeleton (D)
  A frilled lizard (D)
  A jackal skeleton (D)
  2 kobolds (D)
  A rat (D)
29 creatures vanquished.

Notes
Turn   | Place    | Note
-------+----------+-------------------------------------------
     0 | D        | rocky1 the Gnoll Earth Elementalist began the quest for the
                  | Orb.
     0 | D        | Reached XP level 1. HP: 13/13 MP: 6/6
    41 | D        | Found a bloodstained altar of Trog.
    41 | D        | Found a shimmering blue altar of Sif Muna.
    41 | D        | Found a viscous altar of Jiyva.
    41 | D        | Found a hazy altar of Hepliaklqana.
    41 | D        | Found an opulent altar of Gozag.
    42 | D        | Found a glowing golden altar of the Shining One.
    42 | D        | Found a glowing silver altar of Zin.
    42 | D        | Found a basalt altar of Yredelemnul.
    42 | D        | Found a shimmering altar of Xom.
    42 | D        | Found an ornate altar of the Wu Jian Council.
    42 | D        | Found a sacrificial altar of Ru.
    42 | D        | Found a stormy altar of Qazlal.
    42 | D        | Found an iron altar of Okawaru.
    42 | D        | Found a sparkling altar of Nemelex Xobeh.
    42 | D        | Found a burning altar of Makhleb.
    42 | D        | Found a blossoming altar of Fedhas.
    42 | D        | Found a white marble altar of Elyvilon.
    42 | D        | Found a shadowy altar of Dithmenos.
    42 | D        | Found a snail-covered altar of Cheibriados.
    45 | D        | Found a corrupted altar of Lugonu.
    45 | D        | Found a radiant altar of Vehumet.
    46 | D        | Found an ancient bone altar of Kikubaaqudgha.
    46 | D        | Found a hide-covered altar of Uskayaw.
    46 | D        | Found a broken altar of Ashenzari.
    50 | D        | Became a worshipper of Sif Muna the Loreminder
    75 | D        | Noticed a scorpion
    81 | D        | Killed a scorpion
    82 | D        | Reached skill level 5 in Dodging
    82 | D        | Reached skill level 5 in Spellcasting
    82 | D        | Reached skill level 1 in Conjurations
    82 | D        | Reached skill level 1 in Hexes
    82 | D        | Reached skill level 1 in Summonings
    82 | D        | Reached skill level 1 in Necromancy
    82 | D        | Reached skill level 1 in Translocations
    82 | D        | Reached skill level 1 in Fire Magic
    82 | D        | Reached skill level 1 in Ice Magic
    82 | D        | Reached skill level 1 in Air Magic
    82 | D        | Reached skill level 1 in Poison Magic
    82 | D        | Reached XP level 2. HP: 16/23 MP: 0/8
    82 | D        | Reached XP level 3. HP: 19/28 MP: 0/10
   162 | D        | Noticed a floating eye
   163 | D        | Killed a floating eye
   163 | D        | Reached * piety under Sif Muna
   164 | D        | Reached skill level 5 in Stealth
   164 | D        | Reached XP level 4. HP: 34/36 MP: 10/12
   164 | D        | Reached XP level 5. HP: 38/41 MP: 10/13
   203 | D        | Reached ** piety under Sif Muna
   211 | D        | Reached *** piety under Sif Muna
   310 | D        | Learned a level 3 spell: Stone Arrow
   315 | D        | Learned a level 4 spell: Petrify
   342 | D        | Reached XP level 6. HP: 23/48 MP: 13/15
   343 | D        | Reached skill level 5 in Invocations
   347 | D        | Reached **** piety under Sif Muna
   365 | D        | Reached ***** piety under Sif Muna
   365 | D        | Received a gift from Sif Muna
   468 | D        | Learned a level 4 spell: Iskenderun's Mystic Blast
   483 | D        | Noticed a fire bat
   486 | D        | Killed a fire bat
   487 | D        | Reached skill level 5 in Fighting
   487 | D        | Reached skill level 5 in Short Blades
   487 | D        | Reached skill level 5 in Long Blades
   487 | D        | Reached skill level 5 in Axes
   487 | D        | Reached skill level 5 in Maces & Flails
   487 | D        | Reached skill level 5 in Polearms
   487 | D        | Reached skill level 5 in Staves
   487 | D        | Reached skill level 5 in Ranged Weapons
   487 | D        | Reached skill level 5 in Throwing
   487 | D        | Reached skill level 5 in Armour
   487 | D        | Reached skill level 5 in Shields
   487 | D        | Reached skill level 5 in Unarmed Combat
   487 | D        | Reached skill level 5 in Transmutations
   487 | D        | Reached skill level 5 in Evocations
   487 | D        | Reached XP level 7. HP: 56/56 MP: 7/17
   552 | D        | Noticed a cyclops
   556 | D        | Killed a cyclops
   557 | D        | Reached skill level 5 in Conjurations
   557 | D        | Reached skill level 5 in Hexes
   557 | D        | Reached skill level 5 in Summonings
   557 | D        | Reached skill level 5 in Necromancy
   557 | D        | Reached skill level 5 in Translocations
   557 | D        | Reached skill level 5 in Fire Magic
   557 | D        | Reached skill level 5 in Ice Magic
   557 | D        | Reached skill level 5 in Air Magic
   557 | D        | Reached skill level 5 in Poison Magic
   557 | D        | Reached XP level 8. HP: 46/64 MP: 5/20
   834 | D        | Noticed Joseph
   838 | D        | HP: 3/65 [Joseph/sling bullet (4)]
   839 | D        | Shot with a sling bullet by Joseph

Illustrated notes

Levels and vault maps discovered:
D:        pitsprint [storerooms_1, entrance_room_1, metal_vault_1, armoury_1,
          mini_pit_1, grid_room_1, main_hall_1, silver_pit, the_coven_1,
          the_vestibule_1, steel_vault_5, golden_pit, hallway_of_sentries,
          crystal_vault_2, iron_vault_2, final_vault]

Skill      XL: |  1  2  3  4  5  6  7  8 |
---------------+-------------------------+-----
Transmutations | 2 3 4 5 |  5.8
Fighting       | 2 3 4 5 6 |  6.4
Short Blades   | 2 3 4 5 6 |  6.4
Long Blades    | 2 3 4 5 6 |  6.4
Axes           | 2 3 4 5 6 |  6.4
Maces & Flails | 2 3 4 5 6 |  6.4
Polearms       | 2 3 4 5 6 |  6.4
Staves         | 2 3 4 5 6 |  6.4
Ranged Weapons | 2 3 4 5 6 |  6.4
Throwing       | 2 3 4 5 6 |  6.4
Armour         | 2 3 4 5 6 |  6.4
Dodging        | 5 6 7 8 |  8.0
Shields        | 2 3 4 5 6 |  6.4
Unarmed Combat | 2 3 4 5 6 |  6.4
Spellcasting   | 5 6 7 8 |  8.2
Conjurations   | 1 3 4 5 |  5.3
Hexes          | 1 3 4 5 |  5.3
Summonings     | 1 3 4 5 |  5.3
Necromancy     | 1 3 4 5 |  5.3
Translocations | 1 3 4 5 |  5.3
Fire Magic     | 1 3 4 5 |  5.3
Ice Magic      | 1 3 4 5 |  5.3
Air Magic      | 1 3 4 5 |  5.3
Poison Magic   | 1 3 4 5 |  5.3
Invocations    | 2 4 6 7 |  7.1
Evocations     | 2 3 4 5 6 |  6.4
Stealth        | 5 6 7 |  7.8
Earth Magic    | 6 7 |  7.7

Action                   |  1- 3 |  4- 6 |  7- 9 || total
-------------------------+-------+-------+-------++-------
Melee: Long sword        |       |     6 |    10 ||    16
       Punch             |       |     1 |       ||     1
 Cast: Sandblast         |     9 |    29 |       ||    38
       Stone Arrow       |       |     3 |     8 ||    11
Invok: Channel Magic     |       |     1 |       ||     1
  Use: Potion            |       |     6 |     1 ||     7
Armor: Robe              |     1 |     4 |     1 ||     6
Dodge: Dodged            |     4 |    21 |     4 ||    29

Table legend: (Time is in decaauts)
 A = Elapsed time spent in this place.
 B = Non-inter-level travel time spent in this place.
 C = Inter-level travel time spent in this place.
 D = Time resting spent in this place.
 E = Time spent auto-exploring this place.
 F = Levels seen in this place.
 G = Mean time per level.
                   A        B        C        D        E       F      G
               +--------+--------+--------+--------+--------+-----+--------+
         Total |    868 |    830 |     38 |    549 |      0 |   1 |  868.0 |
       Dungeon |    868 |    830 |     38 |    549 |      0 |   1 |  868.0 |
               +--------+--------+--------+--------+--------+-----+--------+

Top non-repeatable levels by time:
       D: 868 daAuts
